Map: King Sejong Station LE

Players

MajOr (SpeCial) - Winner!

  • Race: Terran Terran

Kelazhur

  • Race: Terran Terran

Event: WCS Copa Intercontinental

VOD

Have the link to the VOD?

Description

Time

  • Played on: Sept. 9, 2016, 3:55 p.m.
  • Length: 20:57

All games in this series

Show
View Real Time Build Order
Export as new Build Order

MajOr Terran - Winner!

Build Orders: Hellion Opening, Reaper Expand 

Get SALT Encoding   

  12  0:00  SCV  
  13  0:13  SCV  
  14  0:17  Supply Depot  
  14  0:25  SCV  
  15  0:29  Refinery  
  15  0:39  SCV  
  16  0:45  Barracks  
  16  0:51  SCV  
  17  1:03  SCV  
  18  1:15  SCV  
  19  1:32  Reaper, Orbital Command  
  20  1:45  Command Center  
  20  1:57  Factory  
  21  2:01  SCV  
  21  2:08  Barracks Reactor  
  21  2:13  Supply Depot  
  21  2:15  SCV  
  22  2:27  SCV  
  23  2:33  Refinery  
  23  2:39  SCV  
  23  2:47  Starport  
  23  2:50  Hellion x2  
  27  2:51  SCV  
  27  2:56  Barracks Tech Lab  
  28  3:02  Orbital Command  
  28  3:05  SCV  
  28  3:12  Hellion  
  31  3:17  Hellion  
  33  3:20  SCV  
  34  3:28  SCV  
  34  3:32  SCV  
  36  3:35  Supply Depot, Raven  
  36  3:39  Hellion  
  40  3:43  Hellion  
  40  3:47  SCV x2  
  44  3:59  SCV x2  
  45  4:11  SCV x2  
  45  4:23  SCV x2  
  41  4:26  Marine  
  41  4:27  Viking, Siege Tank, Marine  
  41  4:28  Bunker  
  48  4:36  SCV x2  
  48  4:38  Command Center  
  50  4:44  Marine x2  
  52  4:46  Supply Depot  
  52  4:51  SCV x2  
  54  5:07  Siege Tank, SCV, Viking, Marine x2  
  54  5:09  Supply Depot  
  62  5:17  Refinery  
  62  5:18  Refinery  
  62  5:25  Engineering Bay  
  62  5:26  Engineering Bay  
  62  5:30  SCV x2, Marine x2  
  62  5:31  Supply Depot  
  66  5:37  Medivac  
  66  5:42  SCV x2  
  66  5:48  Marine x2  
  68  5:52  Orbital Command  
  68  5:54  SCV x2  
  70  5:57  Terran Infantry Weapons Level 1  
  70  6:00  Terran Infantry Armor Level 1  
  70  6:05  Marine x2  
  70  6:07  Siege Tank  
  75  6:11  Viking  
  79  6:23  SCV, Marine x2, Barracks  
  80  6:26  Barracks, SCV  
  80  6:27  SCV  
  80  6:31  Missile Turret  
  82  6:39  Siege Tank  
  83  6:41  Medivac, Marine x2  
  83  6:44  SCV x3  
  90  6:50  Supply Depot  
  89  7:01  Marine x2  
  91  7:07  Barracks  
  91  7:09  Barracks  
  91  7:11  Barracks Tech Lab  
  91  7:12  Siege Tank  
  91  7:13  Barracks Tech Lab  
  91  7:14  Armory  
  94  7:16  Supply Depot  
  94  7:21  SCV x2  
  94  7:22  Marine  
  94  7:23  Marine  
  94  7:29  Marine  
  97  7:32  Stimpack  
  97  7:33  Medivac  
  99  7:38  Marine, Combat Shields  
  99  7:40  Marine x2  
  99  7:41  SCV x2  
  99  7:43  Armory  
  104  7:46  Siege Tank  
  107  7:54  Barracks Reactor  
  107  7:58  Marine x2  
  107  8:01  Barracks Reactor  
  107  8:05  Starport Reactor  
  109  8:09  Marine x2  
  104  8:16  Marine x2  
  104  8:19  Siege Tank  
  109  8:25  Orbital Command  
  109  8:31  Sensor Tower  
  109  8:34  Terran Infantry Weapons Level 2  
  109  8:41  Supply Depot  
  109  8:45  Supply Depot  
  109  9:00  Refinery  
  109  9:02  SCV, Marine x4, Refinery  
  109  9:03  Medivac x2  
  109  9:06  SCV x2, Marine x3  
  122  9:11  Missile Turret  
  122  9:14  SCV  
  123  9:17  Marine  
  123  9:18  SCV  
  123  9:23  Factory, Supply Depot  
  125  9:24  Terran Infantry Armor Level 2  
  125  9:25  Terran Vehicle Weapons Level 1  
  125  9:29  Supply Depot  
  125  9:30  Marine x5  
  125  9:31  SCV x3, Marine  
  133  9:33  Missile Turret  
  133  9:44  Medivac x2, SCV x3, Marine  
  141  9:48  Marine  
  141  9:50  Marine x5  
  146  9:57  Supply Depot  
  146  9:58  Supply Depot  
  144  10:03  Marine  
  144  10:07  SCV  
  144  10:12  Marine  
  144  10:13  Marine x5  
  145  10:14  SCV x2  
  145  10:16  Factory Tech Lab  
  145  10:19  SCV  
  145  10:20  Medivac x2, Refinery  
  152  10:24  Marine x2  
  152  10:27  Siege Tank  
  157  10:30  Marine x3  
  157  10:31  Marine  
  157  10:32  Marine x2  
  163  10:42  Marine x2  
  165  10:43  Supply Depot  
  165  10:56  Terran Infantry Weapons Level 3  
  165  11:04  Marine x7  
  165  11:10  Siege Tank  
  165  11:11  Marine  
  143  11:22  Siege Tank, Marine x7  
  152  11:28  Viking, Marine  
  152  11:30  Viking  
  157  11:40  Marine x3  
  157  11:42  Terran Infantry Armor Level 3, Siege Tank  
  162  11:47  Marine x2  
  162  11:48  Marine x3  
  167  11:57  Marine  
  167  11:58  Viking  
  167  12:00  Viking  
  172  12:03  Supply Depot  
  172  12:04  Supply Depot  
  172  12:07  Siege Tank  
  173  12:18  Marine  
  173  12:21  Marine x2  
  173  12:28  Medivac  
  171  12:30  Medivac  
  171  12:31  Marine x2  
  177  12:37  Siege Tank  
  177  12:39  Siege Tank, Command Center  
  177  12:44  Marine x2  
  180  12:46  Marine x4  
  180  12:49  Marine  
  183  12:54  Marine  
  183  13:01  Marine  
  174  13:13  Supply Depot  
  174  13:15  Siege Tank, Marine x3  
  170  13:24  Siege Tank  
  170  13:25  Marine  
  174  13:34  Marine  
  174  13:35  Marine  
  174  13:39  Marine  
  177  13:43  Marine  
  177  13:45  Marine x3  
  181  13:49  Marine  
  181  13:50  Siege Tank  
  179  14:05  Marine  
  179  14:07  Marine x2  
  148  14:11  Marine x2  
  148  14:13  Marine  
  148  14:14  Marine x2  
  145  14:23  Marine  
  146  14:24  Marine  
  146  14:31  Orbital Command  
  147  14:37  Marine  
  147  14:38  Marine  
  145  14:42  Marine x2  
  147  14:47  Marine x2  
  147  14:52  Marine x2  
  151  14:54  Orbital Command  
  151  14:55  Marine  
  151  14:56  Marine  
  130  15:07  Marine x2  
  130  15:09  Marine x2  
  130  15:10  Viking, Marine  
  130  15:12  Viking  
  139  15:16  Marine  
  139  15:17  Marine  
  139  15:21  Marine  
  139  15:25  Marine  
  139  15:27  Marine x2  
  142  15:34  Marine  
  137  15:36  Marine x2  
  137  15:38  Siege Tank x2  
  137  15:39  Marine  
  137  15:42  Marine  
  144  15:43  Viking  
  146  15:50  Viking  
  146  15:51  Marine x3  
  146  15:52  Marine  
  146  15:55  Marine x2  
  154  16:00  Marine x2  
  156  16:08  Marine  
  156  16:09  Marine x3  
  156  16:10  Siege Tank  
  163  16:13  Marine x2  
  163  16:17  Siege Tank, Supply Depot, Marine  
  165  16:18  Marine  
  165  16:24  Medivac  
  168  16:26  Marine x2  
  168  16:27  Marine x2  
  168  16:31  Marine x2  
  174  16:35  Marine  
  174  16:36  Marine  
  176  16:44  Marine x2  
  176  16:45  Marine x2  
  176  16:49  Marine x2  
  176  16:53  Marine  
  164  16:54  Marine  
  161  17:02  SCV, Marine x2  
  161  17:03  Marine x2  
  161  17:06  Marine  
  161  17:07  Marine  
  167  17:11  Marine  
  167  17:12  Marine  
  169  17:20  Marine x3  
  169  17:21  Marine  
  173  17:24  Marine x2  
  173  17:29  Marine  
  146  17:30  Marine  
  146  17:31  Viking x2  
  144  17:38  Marine x4  
  144  17:42  Marine x2  
  150  17:47  Marine x2  
  150  17:48  Siege Tank  
  155  17:55  Marine x2  
  155  17:56  Marine x2  
  157  18:00  Marine x2  
  157  18:04  Marine  
  157  18:05  Marine  
  150  18:13  Marine x2  
  150  18:14  Marine x2  
  150  18:18  Siege Tank, Marine x2  
  159  18:22  Marine  
  159  18:23  Marine  
  161  18:31  Marine x2  
  161  18:32  Marine x2  
  162  18:36  Marine x2  
  162  18:40  Marine  
  162  18:41  Marine  
  165  18:45  Siege Tank  
  169  18:49  Marine x2  
  169  18:50  Siege Tank, Marine x2  
  169  18:53  Marine  
  177  18:55  Marine  
  177  18:58  Marine  
  173  19:03  Viking  
  173  19:05  Marine  
  173  19:09  Marine  
  170  19:18  Viking  
  170  19:20  Marine  
  173  19:25  Marine  
  173  19:26  Marine x2  
  176  19:33  Viking, Orbital Command  
  176  19:38  Siege Tank  
  181  19:39  Marine  
  181  19:45  Marine x2  
  183  19:48  Viking  
  186  19:57  Marine x2  
  181  20:03  Viking  
  183  20:09  Marine  
  184  20:18  Viking  
  184  20:20  Marine  
  180  20:24  Marine x2  
  158  20:29  Marine  
  158  20:33  Marine  
  151  20:36  Marine x2  
Show
View Real Time Build Order
Export as new Build Order

Kelazhur Terran 

Build Orders: Reaper Expand, MMM Bio 

Get SALT Encoding   

  12  0:01  SCV  
  13  0:13  SCV  
  14  0:17  Supply Depot  
  14  0:25  SCV  
  15  0:39  SCV  
  15  0:41  Barracks  
  16  0:44  Refinery  
  16  0:51  SCV  
  17  1:03  SCV  
  18  1:16  SCV  
  19  1:30  Reaper, Orbital Command  
  20  1:43  Command Center  
  20  1:56  SCV  
  21  2:02  Reaper  
  21  2:08  SCV  
  23  2:09  Supply Depot  
  23  2:13  Barracks  
  23  2:31  SCV  
  23  2:34  Refinery  
  23  2:35  Factory  
  24  2:40  Barracks Reactor  
  24  2:43  SCV  
  25  2:56  Orbital Command  
  25  2:59  SCV  
  25  3:01  Barracks Tech Lab  
  26  3:11  SCV  
  27  3:17  Marine x2  
  27  3:18  Bunker  
  29  3:22  Marine, Stimpack  
  29  3:23  SCV x2  
  32  3:29  Supply Depot  
  32  3:34  Marine  
  32  3:35  SCV, Marine  
  35  3:43  Starport  
  35  3:44  Factory Reactor  
  35  3:45  SCV  
  35  3:47  Marine  
  37  3:48  SCV  
  37  3:52  Marine x2  
  40  3:57  SCV  
  40  4:00  Engineering Bay  
  41  4:05  Supply Depot  
  41  4:06  SCV  
  41  4:08  Marine  
  43  4:11  Marine  
  43  4:19  SCV  
  43  4:21  Marine  
  42  4:26  Missile Turret  
  42  4:28  SCV  
  43  4:32  Marine x2  
  45  4:38  Medivac  
  45  4:39  Medivac  
  45  4:42  SCV  
  45  4:44  SCV  
  51  4:49  Marine  
  51  4:50  Marine  
  51  4:54  SCV  
  51  4:55  Missile Turret  
  51  4:57  Marine  
  51  4:59  SCV  
  54  5:06  SCV  
  54  5:07  Supply Depot, Marine  
  55  5:08  Marine  
  55  5:13  SCV  
  58  5:16  Marauder  
  58  5:18  SCV  
  61  5:25  SCV, Combat Shields  
  62  5:28  Marine x2  
  62  5:30  Supply Depot  
  62  5:31  Supply Depot  
  64  5:36  SCV  
  58  5:43  SCV  
  58  5:44  Marauder  
  58  5:46  Marine x2  
  58  5:49  SCV  
  62  5:54  Terran Infantry Weapons Level 1  
  62  6:00  Medivac x2  
  62  6:01  SCV x2, Command Center  
  68  6:05  Factory Tech Lab  
  68  6:08  Marine  
  68  6:09  Marine x2  
  71  6:14  SCV x2  
  71  6:18  Armory  
  73  6:21  Engineering Bay  
  73  6:27  Marine x3  
  73  6:29  Siege Tank  
  79  6:33  SCV x2  
  81  6:42  Refinery  
  81  6:44  Refinery  
  81  6:47  Barracks  
  81  6:48  SCV, Supply Depot, Barracks  
  81  6:49  SCV, Barracks  
  81  6:52  Marine x2  
  81  6:54  Marine  
  86  7:10  SCV x2, Siege Tank  
  86  7:11  Supply Depot  
  91  7:16  Orbital Command  
  91  7:22  SCV  
  92  7:31  Marine x3  
  92  7:33  Medivac x2, Supply Depot  
  92  7:34  SCV x2  
  100  7:38  Bunker  
  100  7:39  Terran Infantry Armor Level 1  
  100  7:42  Barracks Reactor x3  
  100  7:44  Supply Depot  
  100  7:51  SCV  
  101  7:54  Siege Tank  
  101  7:55  SCV  
  101  7:57  Marine x2  
  107  8:00  SCV  
  107  8:03  SCV  
  107  8:04  Supply Depot  
  109  8:07  SCV  
  109  8:08  Medivac  
  110  8:14  Marine  
  110  8:15  Marine x2  
  110  8:16  SCV  
  110  8:19  Terran Infantry Weapons Level 2  
  108  8:20  Refinery  
  108  8:21  SCV x2  
  108  8:24  Marine x4  
  108  8:26  Marine  
  115  8:28  SCV  
  115  8:31  Supply Depot  
  115  8:33  SCV  
  117  8:34  SCV  
  117  8:37  Medivac  
  117  8:39  Marine x3  
  117  8:40  SCV, Marine  
  124  8:42  Marine  
  124  8:44  Siege Tank  
  124  8:45  SCV, Marine x2  
  124  8:48  SCV  
  132  8:52  Refinery  
  132  8:54  Marine  
  133  8:59  Marine x3  
  133  9:02  Marine  
  136  9:03  Marine  
  138  9:10  Viking x2  
  138  9:11  Marine  
  138  9:12  Factory  
  138  9:13  Terran Vehicle Weapons Level 1  
  143  9:17  Supply Depot x2  
  143  9:18  Supply Depot, Marine  
  143  9:19  Marine x2, Marauder  
  143  9:20  Marine  
  143  9:22  Marine  
  149  9:35  Marine  
  148  9:40  Marauder  
  148  9:43  Marine  
  139  10:00  Siege Tank  
  139  10:01  Marauder  
  139  10:02  Medivac x2  
  139  10:03  Marine  
  139  10:16  Marine  
  139  10:18  Marine  
  139  10:19  Marine x5  
  139  10:20  Marine, Factory Tech Lab  
  147  10:23  Marauder  
  147  10:24  Barracks x2, Terran Infantry Armor Level 2  
  149  10:31  Command Center  
  149  10:32  Siege Tank  
  149  10:33  Supply Depot, Marine  
  153  10:36  Marine x3  
  153  10:39  Marine x4  
  158  10:44  Marine  
  158  10:49  Terran Infantry Weapons Level 3  
  159  10:51  Marine  
  159  10:54  Marine x3  
  163  10:57  Marine x4  
  163  11:02  Marauder  
  169  11:08  Medivac  
  169  11:09  Medivac, Marine  
  163  11:12  Marine  
  163  11:13  Marine  
  163  11:14  Marine  
  163  11:15  Marine x4  
  142  11:22  Barracks Reactor x2  
  142  11:23  Marauder  
  135  11:26  Siege Tank  
  135  11:27  Marine  
  135  11:30  Barracks, Marine  
  135  11:31  Marine  
  135  11:32  Marine x2  
  141  11:33  Marine  
  141  11:35  Siege Tank  
  141  11:37  Marine  
  141  11:38  Marine  
  149  11:44  Barracks Reactor, Marine  
  150  11:50  Marine  
  151  11:57  Marine  
  151  11:58  Siege Tank, Marine  
  154  12:03  Marine x7, Marauder  
  154  12:07  Siege Tank  
  154  12:08  Marine  
  166  12:14  Marine  
  166  12:18  Marine  
  166  12:22  Marine  
  163  12:24  Marauder  
  163  12:29  Marine  
  157  12:30  Marine x4  
  157  12:44  Marine x2  
  157  12:45  Marine x6  
  157  12:46  Terran Infantry Armor Level 3  
  157  12:47  Marine x3  
  164  12:51  Siege Tank x2  
  170  13:03  Marauder  
  170  13:04  Marine  
  170  13:05  Marine x8  
  171  13:17  Marine  
  172  13:25  Planetary Fortress  
  172  13:27  Marine, Marauder  
  172  13:32  Marine  
  176  13:34  Missile Turret  
  176  13:35  Marine x4  
  176  13:36  Bunker  
  176  13:37  Barracks Reactor  
  180  13:53  Marine  
  180  13:54  Marine x6  
  180  13:55  Marine  
  187  13:56  Marine  
  187  13:57  Terran Vehicle Weapons Level 2  
  187  14:07  Marine  
  187  14:09  Marine  
  150  14:10  Marine x2  
  150  14:11  Siege Tank, Marine  
  150  14:12  Marine  
  150  14:13  Marine x2  
  150  14:14  Marine x4  
  150  14:16  Medivac  
  151  14:19  Medivac  
  151  14:24  Marine  
  151  14:26  Siege Tank  
  151  14:28  Marine x4  
  159  14:32  Marine  
  159  14:33  Marine  
  161  14:46  Siege Tank, Marine  
  161  14:47  Marine x5  
  170  14:58  Siege Tank  
  173  15:06  Marine x11  
  167  15:24  Marine  
  167  15:27  Marine x5  
  173  15:32  Marine x5  
  143  15:36  Medivac x2  
  143  15:38  Siege Tank, Marine x2  
  143  15:39  Marine x2  
  137  15:57  Orbital Command, Marine  
  140  16:09  Medivac x2  
  145  16:16  Marine  
  145  16:17  Marine x4, Marauder  
  150  16:19  Marine  
  150  16:21  Marine x2  
  150  16:22  Marine x6  
  153  16:28  Siege Tank  
  156  16:38  Marauder  
  148  16:48  Medivac x2  
  146  16:55  Marine  
  146  17:00  Marine x4  
  146  17:01  Marine x5  
  132  17:02  Siege Tank x2  
  132  17:05  Marine  
  136  17:17  Orbital Command  
  123  17:24  Marine x9, Marauder  
  121  17:30  Marine  
  121  17:33  Marine  
  121  17:34  Medivac, Siege Tank x2, Marine  
  109  17:56  Marine  
  104  18:02  Medivac  
  104  18:04  Marine  
  101  18:07  Marine  
  101  18:10  Marine  
  94  18:19  Marine  
  95  18:27  Marine  
  95  18:28  Marine  
  99  18:36  Marine  
  99  18:40  Medivac x2  
  96  18:50  Marine  
  96  18:51  Marine x5  
  102  19:13  Marine  
  102  19:16  Marine  
  102  19:17  Marine  
  91  19:21  Marine x2  
  94  19:30  Marine x2  
  96  19:34  Marine  
  96  19:35  Marine  
  96  19:37  Marine  
  96  19:38  Marine  
  100  19:40  Marine  
  101  19:51  Marine  
  101  19:52  Siege Tank  
  105  19:54  Marine  
  106  20:03  Medivac x2  
  106  20:04  Marine  
  97  20:21  Siege Tank  
Tags
 
Add a new tag
Caveats
  • Supply blocks, unpowered buildings, or Contaminate may cause inaccurate times.
  • Supply counts are checked every 10 seconds.